Cogmind - Beta 10.2 @@@ ROGUE MODE // 2021.01.16 @ 11:59:28 Player: CrossedViper Result: Destroyed by Z-Imprinter with Zionite Laser-M Performance ------------- Evolutions (3) 1500 Regions Visited (13) 2600 Robots Destroyed (168) 840 Value Destroyed (4805) 4805 Prototype IDs (30) 600 Alien Tech Used (0) 0 Bonus (1826) 1826 TOTAL SCORE: 12171 Bonus ------- High Alert Combat Kills 139 Entered Garrisons 400 Used RIF Installer 1000 Aligned with FarCom 300 Friendly Fire -13 Cogmind --------- Core Integrity 0/700 Matter 225/300 Energy 37/100 System Corruption 0% Temperature Cool (9) Movement Treading (180) Ox1 Location -7/Deep Caves Parts ------- > --- POWER (1) -------- (None) > --- PROPULSION (3) --- Improved Treads Improved Treads > --- UTILITY (6) ------ Experimental Heat Sink Humpback Improved Target Analyzer Improved Armor Integrity Analyzer > --- WEAPON (3) ------- (None) > --- INVENTORY (24) --- (None) Peak State ------------ > --- POWER ------------ Heavy Deuterium Engine > --- PROPULSION ------- Carbon-fiber Leg Advanced Myomer Leg Advanced Myomer Leg > --- UTILITY ---------- Humpback Improved Target Analyzer Advanced Core Analyzer Improved Light Armor Plating Improved Medium Armor Plating > --- WEAPON ----------- Gauss Rifle Gauss Rifle 8R-AWN's Boregun > --- INVENTORY -------- Heavy Deuterium Engine Combat Airjet Combat Airjet Combat Airjet Combat Airjet Experimental Heat Sink High-capacity Storage Unit High-capacity Storage Unit Humpback Humpback High-capacity Matter Pod Experimental Targeting Computer Improved Armor Integrity Analyzer Advanced Transmission Jammer Relay Coupler [NC] Relay Coupler [Sentry] Gauss Rifle Precision Assault Rifle Rocket Launcher Remote Datajack Katana [Rating: 72] Favorites ----------- Power Light Ion Engine Engine Light Ion Engine Power Core Fission Core Propulsion Improved Treads Treads Improved Treads Leg Aluminum Leg Wheel Armored Huge Wheel Hover Unit Combat Airjet Utility Humpback Device Experimental Heat Sink Storage Humpback Processor Improved Target Analyzer Hackware Hacking Suite Protection Core Shielding Weapon Autogun Energy Gun Makeshift Laser Ballistic Gun Autogun Launcher Rocket Launcher Special Weapon Remote Datajack Slashing Weapon Katana Piercing Weapon CR-A16's Pointy Stick Build | -11 -10 -10 -10 -9 -8 -8 -7 -7 -7 -7 -7 -7 -7 ------- Run | Scr Mat Min Exi Min Mat Gar Fac Gar Fac Low Low Zio Dee Slots Evolved 6 | . . . . . 4 . 2 . . . . . . Power . | . . . . . . . . . . . . . . Propulsion 1 | . . . . . 1 . . . . . . . . Utility 4 | . . . . . 3 . 1 . . . . . . Weapon 1 | . . . . . . . 1 . . . . . . Parts Attached 133 | . 9 2 12 1 8 12 25 26 4 6 3 16 9 Power 7 | . . 1 . . 1 1 2 . 1 . . 1 . Engine 4 | . . 1 . . 1 . 1 . 1 . . . . Core 3 | . . . . . . 1 1 . . . . 1 . Reactor . | . . . . . . . . . . . . . . Propulsion 29 | . 4 . 2 . 1 5 5 3 1 . 2 3 3 Treads 13 | . 4 . 2 . 1 . . . . . 1 3 2 Leg 10 | . . . . . . 5 5 . . . . . . Wheel 1 | . . . . . . . . . . . 1 . . Hover 5 | . . . . . . . . 3 1 . . . 1 Flight . | . . . . . . . . . . . . . . Utility 35 | . 2 1 5 . 3 1 9 5 1 3 . 4 1 Device 6 | . . . 2 . . . . . 1 1 . 2 . Storage 8 | . 1 1 3 . . . 1 1 . . . . 1 Processor 4 | . . . . . 1 . 1 . . 2 . . . Hackware 2 | . . . . . . . 2 . . . . . . Protection 15 | . 1 . . . 2 1 5 4 . . . 2 . Artifact . | . . . . . . . . . . . . . . Weapon 62 | . 3 . 5 1 3 5 9 18 1 3 1 8 5 Energy Gun 4 | . . . . . . . . 1 . . . 1 2 Energy Cannon . | . . . . . . . . . . . . . . Ballistic Gun 43 | . 3 . 3 . 2 3 7 14 1 2 1 5 2 Ballistic Cannon . | . . . . . . . . . . . . . . Launcher 9 | . . . 1 1 1 1 . 3 . 1 . 1 . Special Weapon 1 | . . . . . . . 1 . . . . . . Impact Weapon . | . . . . . . . . . . . . . . Slashing Weapon 4 | . . . 1 . . 1 1 . . . . . 1 Piercing Weapon 1 | . . . . . . . . . . . . 1 . Special Melee Weapon . | . . . . . . . . . . . . . . Unidentified Prototypes 7 | . . . 3 . . . 3 . . 1 . . . Parts Lost 42 | . 2 . 2 . 1 7 1 6 . 2 . 8 13 Power 3 | . . . . . 1 1 . . . . . . 1 Propulsion 10 | . 1 . 2 . . 2 . . . . . 1 4 Utility 9 | . . . . . . 1 . 1 . 2 . 3 2 Weapon 20 | . 1 . . . . 3 1 5 . . . 4 6 Highest Loss Streak 13 | . 2 . 2 . 1 2 1 3 . 2 . 4 13 Average Slot Usage (%) 88 | . 95 100 86 85 83 85 86 90 92 91 84 84 88 Engine 8 | . 14 14 14 14 6 . 4 7 7 7 7 5 . Core 1 | . . . . . . 6 2 . . . . 1 6 Treads 14 | . 28 28 28 28 23 6 . . . . 2 9 21 Leg 3 | . . . . . . 19 23 2 . . . . . Wheel 1 | . . . . . . . . . . . 6 5 . Hover 3 | . . . . . . . . 20 23 23 6 . . Device 2 | . . . . . . . . . 4 5 7 6 7 Storage 9 | . 14 14 13 14 9 9 7 7 7 7 7 7 7 Processor 8 | . . . . . 9 9 10 15 15 15 23 19 15 Protection 8 | . 9 14 2 . 17 17 15 14 9 6 . 3 6 Ballistic Gun 22 | . 28 28 26 21 17 16 19 20 22 22 23 21 15 Naked Turns . | . . . . . . . . . . . . . . Heaviest Build 119 | 10 16 40 92 92 92 101 119 115 107 104 100 106 110 Greatest Support 75 | 20 46 46 46 46 66 66 75 75 66 66 66 70 70 Greatest Overweight (x) 4 | . . . 1 1 1 4 3 1 1 1 3 3 4 Average Overweight (x) 1 | . . . . 1 1 2 1 1 1 1 2 2 1 Largest Inventory Capacity 44 | . 8 12 24 24 24 24 44 44 24 24 24 24 24 Average Capacity 20 | . 6 9 21 24 24 24 24 24 24 24 24 24 23 Most Carried 24 | . 8 9 24 24 24 24 24 24 24 24 24 24 24 Average Carried 18 | . 5 8 16 24 23 23 23 22 23 23 22 23 21 Final Capacity 24 | 6 8 12 24 24 24 24 24 24 24 24 24 24 24 Final Carried 24 | 6 8 9 24 24 24 24 24 24 24 22 24 23 . Class Distribution -------------------- 34% | Scavenger-Gunner 26% | Hauler-Mutant 23% | Mutant 9% | Scavenger-Mutant 3% | Hauler-Tank Dominant Class ---------------- Mutant | -10/Materials Mutant | -10/Mines Hauler-Mutant | -10/Exiles Hauler-Mutant | -9/Mines Hauler-Mutant | -8/Materials Hauler-Mutant | -8/Garrison Hauler-Tank | -7/Factory Scavenger-Gunner | -7/Garrison Scavenger-Gunner | -7/Factory Scavenger-Gunner | -7/Lower Caves Scavenger-Gunner | -7/Lower Caves Scavenger-Gunner | -7/Zion Scavenger-Gunner | -7/Deep Caves Resources | -11 -10 -10 -10 -9 -8 -8 -7 -7 -7 -7 -7 -7 -7 ----------- Run | Scr Mat Min Exi Min Mat Gar Fac Gar Fac Low Low Zio Dee Matter Collected 6293 | 200 230 66 880 . 196 621 705 1204 153 116 82 1671 169 Remotely . | . . . . . . . . . . . . . . Salvage Created 6441 | . 532 88 447 13 262 608 863 988 190 208 23 1871 348 Parts 414 | . 31 6 68 3 26 22 50 67 5 18 2 109 7 Haulers Intercepted 4 | . 1 . . . 1 . 2 . . . . . . Recyclers Shooed 5 | . . 1 . . 2 . 1 . . . 1 . . Parts Field Recycled . | . . . . . . . . . . . . . . Retrieved Matter . | . . . . . . . . . . . . . . Parts Self-Destructed 17 | . . . . . . . . . . 14 2 1 . Prevented 1 | . . . . . . . . . . 1 . . . Kills | -11 -10 -10 -10 -9 -8 -8 -7 -7 -7 -7 -7 -7 -7 ------- Run | Scr Mat Min Exi Min Mat Gar Fac Gar Fac Low Low Zio Dee Combat Hostiles Destroyed 97 | . 10 . 8 3 8 12 12 22 1 9 . 12 . Melee 3 | . . . 1 . . . 1 . . . . 1 . Guns 67 | . 10 . . . 5 11 11 14 1 4 . 11 . AOE 27 | . . . 7 3 3 1 . 8 . 5 . . . Classes Destroyed 18 | . 3 2 3 1 1 . 2 1 . . 1 4 . Worker 6 | . . 1 . . 1 . 4 . . . . . . Hauler 4 | . 1 . . . 1 . 2 . . . . . . Recycler 4 | . . 1 . . 1 . 1 . 1 . . . . Minesweeper 1 | . . . . . . . . . . . 1 . . Turret 1 | . . . 1 . . . . . . . . . . Watcher 3 | . 2 . . . . . . . 1 . . . . Swarmer 33 | . . . . 3 7 . . 17 . 6 . . . Grunt 30 | . 10 . . . . 12 3 2 . 3 . . . Brawler 1 | . . . . . . . . 1 . . . . . Sentry 2 | . . . . . . . 1 . 1 . . . . Hunter 8 | . . . . . 1 . 5 2 . . . . . Programmer 3 | . . . . . . . 3 . . . . . . Zionite 57 | . . . 6 . . . . . . . . 51 . Assembled 7 | . . . 7 . . . . . . . . . . Wasp 1 | . . . . . . . . . . . . 1 . Thug 1 | . . . . . . . . . . . . 1 . Butcher 4 | . . . . . . . . . . . . 4 . Marauder 2 | . . . . . . . . . . . . 2 . Fireman 3 | . . . . . . . . . . . . 3 . Mutant 1 | . . . . . . . . . . . . 1 . Best Kill Streak 20 | . 3 2 7 3 5 4 4 10 1 6 1 20 . Combat Bots Only 10 | . 3 . 7 3 4 4 2 10 1 6 . 2 . Max Kills in Single Turn 4 | . 1 1 3 2 4 1 2 3 1 3 1 3 . Gunslinging 1 | . . . . . . . . 1 . . . . . Exploded 3 | . . . 3 2 3 1 . 3 . 3 . . . Melee 1 | . . . 1 . . . 1 . . . . 1 . Uniques/NPCs Destroyed 4 | . . . 4 . . . . . . . . . . 8R-AWN (-10/Exiles) EX-DEC (-10/Exiles) EX-HEX (-10/Exiles) EX-BIN (-10/Exiles) Combat | -11 -10 -10 -10 -9 -8 -8 -7 -7 -7 -7 -7 -7 -7 -------- Run | Scr Mat Min Exi Min Mat Gar Fac Gar Fac Low Low Zio Dee Damage Taken 9918 | . 478 . 935 26 344 1083 1122 1901 22 318 35 1642 2012 Core 1074 | . 77 . 112 . 68 106 34 215 . 15 14 151 282 Absorbed by Shields 67 | . . . . . . 67 . . . . . . . Core Remaining (%) 64 | 100 . . . 24 . 68 . . . . . . . Volleys Fired 516 | . 40 8 74 2 23 63 45 83 7 12 5 127 27 Largest 3 | . 2 2 1 1 2 2 3 3 3 3 3 3 3 Hottest 116 | . 40 40 33 33 46 46 84 116 69 69 69 96 100 Shots Fired 1102 | . 80 16 74 2 45 114 126 162 21 29 15 376 42 Gun 1079 | . 80 16 68 . 44 111 123 157 21 26 15 376 42 Cannon . | . . . . . . . . . . . . . . Launcher 20 | . . . 6 2 1 3 . 5 . 3 . . . Special 3 | . . . . . . . 3 . . . . . . Kinetic 1055 | . 80 16 68 . 44 111 123 148 21 26 15 372 31 Thermal 24 | . . . . . . . . 9 . . . 4 11 Explosive 20 | . . . 6 2 1 3 . 5 . 3 . . . Electromagnetic . | . . . . . . . . . . . . . . Robot Hit Streak 18 | . 18 4 7 9 17 15 8 14 14 8 12 18 6 Robot Miss Streak 8 | . 3 1 5 . 1 4 4 8 3 2 1 4 5 Penetration Max 1 | . . . 1 . . . 1 1 . . . . 1 Secondary Targets 30 | . 3 . . . 1 3 2 4 . 2 . 15 . Max Gunslinging Chain 2 | . 1 . . . 1 1 1 1 . 1 . 2 . Shots Hit Robots 784 | . 61 10 77 2 35 87 81 100 12 20 12 261 26 Core Hits 371 | . 26 3 32 3 14 44 33 68 8 18 4 105 13 Critical Hits 89 | . 1 . 25 . 4 3 6 17 3 . 1 18 11 Critical Kills 29 | . 1 . 4 . 2 1 1 6 . . 1 7 6 Critical Parts Destroyed 46 | . . . 15 . 2 2 4 6 3 . . 11 3 Melee Attacks 45 | . . . 34 . . 1 6 . . . . 4 . Impact . | . . . . . . . . . . . . . . Slashing 41 | . . . 34 . . 1 6 . . . . . . Piercing 4 | . . . . . . . . . . . . 4 . Sneak Attacks 1 | . . . . . . . 1 . . . . . . Combat Hostiles . | . . . . . . . . . . . . . . Follow-up Attacks . | . . . . . . . . . . . . . . Damage Inflicted 15113 | . 652 130 2533 233 651 1625 1807 1834 218 521 118 4277 514 Guns 11095 | . 644 127 675 . 456 1053 1609 1269 218 200 118 4212 514 Cannons . | . . . . . . . . . . . . . . Explosions 2207 | . . . 321 233 195 572 . 565 . 321 . . . Melee 1800 | . . . 1537 . . . 198 . . . . 65 . Ramming 11 | . 8 3 . . . . . . . . . . . Kinetic 10933 | . 644 127 675 . 456 1053 1609 1239 218 200 118 4164 430 Thermal 162 | . . . . . . . . 30 . . . 48 84 Explosive 2207 | . . . 321 233 195 572 . 565 . 321 . . . Electromagnetic . | . . . . . . . . . . . . . . Impact . | . . . . . . . . . . . . . . Slashing 1735 | . . . 1537 . . . 198 . . . . . . Piercing 65 | . . . . . . . . . . . . 65 . Highest Corruption 6 | . . . 1 1 . . 6 6 6 2 . . . Average Corruption 3 | . . . 1 1 . . 4 6 4 1 . . . Corruption Purged 6 | . . . . . . . . . 4 2 . . . Effects 57 | . . . 2 1 . . 13 35 5 1 . . . Message Errors 8 | . . . . . . . 1 6 1 . . . . Matter Fused 10 | . . . . . . . 3 7 . . . . . Heat Flow Errors 2 | . . . . . . . . 1 1 . . . . Energy Discharges 8 | . . . 2 1 . . 1 3 1 . . . . Parts Rejected 1 | . . . . . . . 1 . . . . . . Data Loss (minor) 8 | . . . . . . . 1 5 2 . . . . Misfires 3 | . . . . . . . 2 1 . . . . . Targeting Errors 11 | . . . . . . . 3 7 . 1 . . . Weapon Failures 6 | . . . . . . . 1 5 . . . . . Overload Shots . | . . . . . . . . . . . . . . Overflow Damage 124 | . . . 14 20 . . 59 31 . . . . . Projectiles . | . . . . . . . . . . . . . . Explosions 51 | . . . . 20 . . . 31 . . . . . Melee 73 | . . . 14 . . . 59 . . . . . . Knockbacks . | . . . . . . . . . . . . . . Impact . | . . . . . . . . . . . . . . Kinetic . | . . . . . . . . . . . . . . Secondary . | . . . . . . . . . . . . . . Self-Inflicted Damage 166 | . . . . . . 98 . 46 . 22 . . . Shots 6 | . . . . . . 3 . 2 . 1 . . . Rammed 5 | . 3 1 . . . . . . . . . 1 . Targets Rammed 6 | . 3 1 . . . . 1 . . . . 1 . Kicked 1 | . . . . . . . 1 . . . . . . Crushed . | . . . . . . . . . . . . . . Highest Temperature 411 | . 19 . . . . 48 162 411 142 44 . 114 29 Average Temperature 52 | . 10 . . . . 18 32 108 37 22 . 36 9 Received Heat Transfer 1845 | . 270 . . . . 525 168 72 12 45 . 177 576 Effects 3 | . . . . . . . . 3 . . . . . Shutdowns 1 | . . . . . . . . 1 . . . . . Interference 2 | . . . . . . . . 2 . . . . . Siege Activations . | . . . . . . . . . . . . . . Robots Corrupted . | . . . . . . . . . . . . . . Combat Hostiles . | . . . . . . . . . . . . . . Parts Fried . | . . . . . . . . . . . . . . Impact Corruptions . | . . . . . . . . . . . . . . Robots Melted . | . . . . . . . . . . . . . . Combat Hostiles . | . . . . . . . . . . . . . . Parts Melted 1 | . . . . . . . . . . . . 1 . Heat Transferred 230 | . . . . . . . . 74 . . . 111 45 Parts Sabotaged . | . . . . . . . . . . . . . . Parts Stolen . | . . . . . . . . . . . . . . Parts Stripped . | . . . . . . . . . . . . . . Power Chain Reactions . | . . . . . . . . . . . . . . Missiles Intercepted . | . . . . . . . . . . . . . . Alert | -11 -10 -10 -10 -9 -8 -8 -7 -7 -7 -7 -7 -7 -7 ------- Run | Scr Mat Min Exi Min Mat Gar Fac Gar Fac Low Low Zio Dee Peak Influence 639 | . 209 52 . 85 270 591 355 639 392 . . . . Initial 335 | . . 42 . . 33 175 310 99 335 . . . . Average 200 | . 41 38 . 43 165 413 153 383 361 . . . . Maximum Alert Level 2 | . 1 . . . 1 2 1 2 1 . . . . Low Security (%) 59 | . 95 100 . 100 58 6 72 30 . . . . . Level 1 21 | . 4 . . . 41 31 27 10 100 . . . . Level 2 18 | . . . . . . 61 . 58 . . . . . Level 3 . | . . . . . . . . . . . . . . Level 4 . | . . . . . . . . . . . . . . Level 5 . | . . . . . . . . . . . . . . High Security . | . . . . . . . . . . . . . . Max Security . | . . . . . . . . . . . . . . Squads Dispatched 9 | . 3 . . . 1 . 4 . 1 . . . . Investigation 3 | . 3 . . . . . . . . . . . . Extermination 3 | . . . . . . . 2 . 1 . . . . Reinforcement 3 | . . . . . 1 . 2 . . . . . . Assault . | . . . . . . . . . . . . . . Garrison . | . . . . . . . . . . . . . . Intercept . | . . . . . . . . . . . . . . Construction Impeded 1 | . . . . . . . 1 . . . . . . Haulers Reinforced . | . . . . . . . . . . . . . . Stealth | -11 -10 -10 -10 -9 -8 -8 -7 -7 -7 -7 -7 -7 -7 --------- Run | Scr Mat Min Exi Min Mat Gar Fac Gar Fac Low Low Zio Dee Distress Signals 3 | . 1 . . . . . 1 . 1 . . . . Communications Jammed . | . . . . . . . . . . . . . . Distress Signals . | . . . . . . . . . . . . . . Times Spotted 209 | . 17 . 29 3 11 12 25 23 2 9 1 74 3 Peak Tracking Total 11 | . 9 . 9 3 4 4 4 7 2 6 1 11 3 Tactical Retreats 25 | . . . 12 . . . . . . . 1 12 . Traps | -11 -10 -10 -10 -9 -8 -8 -7 -7 -7 -7 -7 -7 -7 ------- Run | Scr Mat Min Exi Min Mat Gar Fac Gar Fac Low Low Zio Dee Traps Triggered 7 | . 1 . . . . 3 . 3 . . . . . Indirectly . | . . . . . . . . . . . . . . Trap Hack Attempts . | . . . . . . . . . . . . . . Triggered . | . . . . . . . . . . . . . . Disarmed . | . . . . . . . . . . . . . . Reprogrammed . | . . . . . . . . . . . . . . Reused . | . . . . . . . . . . . . . . Traps Extracted . | . . . . . . . . . . . . . . Installed . | . . . . . . . . . . . . . . Triggered 1 | . . . . . . . . . . 1 . . . Machines | -11 -10 -10 -10 -9 -8 -8 -7 -7 -7 -7 -7 -7 -7 ---------- Run | Scr Mat Min Exi Min Mat Gar Fac Gar Fac Low Low Zio Dee Machines Disabled 19 | . . . 13 1 . 2 2 1 . . . . . Max in Single Turn 2 | . . . 2 1 . 1 1 1 . . . . . Garrison Relay 3 | . . . . . . 2 . 1 . . . . . Machines Sabotaged . | . . . . . . . . . . . . . . Garrisons Compromised . | . . . . . . . . . . . . . . Overloaded Fab Kills . | . . . . . . . . . . . . . . Fab Network Shutdowns . | . . . . . . . . . . . . . . Hacking | -11 -10 -10 -10 -9 -8 -8 -7 -7 -7 -7 -7 -7 -7 --------- Run | Scr Mat Min Exi Min Mat Gar Fac Gar Fac Low Low Zio Dee Machines Accessed 12 | . 4 . 2 . 1 . 3 . 2 . . . . Terminals 4 | . 2 . . . . . 2 . . . . . . Fabricators . | . . . . . . . . . . . . . . Repair Stations 1 | . . . . . . . . . 1 . . . . Recycling Units 3 | . 2 . . . . . . . 1 . . . . Scanalyzers . | . . . . . . . . . . . . . . Garrison Access 2 | . . . . . 1 . 1 . . . . . . Total Hacks 24 | . 9 . 3 . 2 . 6 . 4 . . . . Successful 13 | . 6 . 3 . 1 . 2 . 1 . . . . Failed 11 | . 3 . . . 1 . 4 . 3 . . . . Catastrophic 1 | . . . . . . . . . 1 . . . . Database Lockouts . | . . . . . . . . . . . . . . Manual 14 | . 9 . 1 . . . . . . . . 4 . Terminals 12 | . 7 . . . . . 5 . . . . . . Fabricators . | . . . . . . . . . . . . . . Repair Stations 2 | . . . . . . . . . 2 . . . . Recycling Units 4 | . 2 . . . . . . . 2 . . . . Scanalyzers . | . . . . . . . . . . . . . . Garrison Access 3 | . . . . . 2 . 1 . . . . . . Terminal Hacks 6 | . 2 . 3 . . . 1 . . . . . . Record 2 | . . . 2 . . . . . . . . . . Robot Analysis 2 | . 2 . . . . . . . . . . . . Garrison Index 1 | . . . . . . . 1 . . . . . . EX-Prototype ID Bank 1 | . . . 1 . . . . . . . . . . Fabricator Hacks . | . . . . . . . . . . . . . . Repair Station Hacks 1 | . . . . . . . . . 1 . . . . Scan Component 1 | . . . . . . . . . 1 . . . . Recycling Unit Hacks . | . . . . . . . . . . . . . . Scanalyzer . | . . . . . . . . . . . . . . Garrison Access Hacks 2 | . . . . . 1 . 1 . . . . . . Unlock Access 2 | . . . . . 1 . 1 . . . . . . Unauthorized Hacks 4 | . 4 . . . . . . . . . . . . Terminals 2 | . 2 . . . . . . . . . . . . Track 1 | . 1 . . . . . . . . . . . . Disrupt 1 | . 1 . . . . . . . . . . . . Fabricators . | . . . . . . . . . . . . . . Repair Stations . | . . . . . . . . . . . . . . Recycling Units 2 | . 2 . . . . . . . . . . . . Tunnel 2 | . 2 . . . . . . . . . . . . Scanalyzers . | . . . . . . . . . . . . . . Garrison Access . | . . . . . . . . . . . . . . Data Cores Recovered . | . . . . . . . . . . . . . . Used . | . . . . . . . . . . . . . . Hacking Detections 6 | . 1 . . . 1 . 2 . 2 . . . . Full Trace Events . | . . . . . . . . . . . . . . Feedback Events . | . . . . . . . . . . . . . . Feedback Blocked . | . . . . . . . . . . . . . . Robot Schematics Acquired . | . . . . . . . . . . . . . . Robots Built . | . . . . . . . . . . . . . . Matter . | . . . . . . . . . . . . . . Time . | . . . . . . . . . . . . . . Total Robot Build Rating . | . . . . . . . . . . . . . . Part Schematics Acquired . | . . . . . . . . . . . . . . Parts Built . | . . . . . . . . . . . . . . Matter . | . . . . . . . . . . . . . . Time . | . . . . . . . . . . . . . . Total Part Build Rating . | . . . . . . . . . . . . . . Parts Repaired . | . . . . . . . . . . . . . . Time . | . . . . . . . . . . . . . . Parts Recycled . | . . . . . . . . . . . . . . Recycled Matter . | . . . . . . . . . . . . . . Retrieved Matter . | . . . . . . . . . . . . . . Retrieved Components . | . . . . . . . . . . . . . . Parts Scanalyzed . | . . . . . . . . . . . . . . Part Schematics Acquired . | . . . . . . . . . . . . . . Parts Damaged . | . . . . . . . . . . . . . . Bothacking | -11 -10 -10 -10 -9 -8 -8 -7 -7 -7 -7 -7 -7 -7 ------------ Run | Scr Mat Min Exi Min Mat Gar Fac Gar Fac Low Low Zio Dee Used RIF Installer 2 | . . . . . . 1 . 1 . . . . . Signal Jammer 1 | . . . . . . . . 1 . . . . . Robots Hacked 1 | . . . . . . . 1 . . . . . . Non-combat 1 | . . . . . . . 1 . . . . . . Combat . | . . . . . . . . . . . . . . Robot Hacks Applied 2 | . . . . . . . 2 . . . . . . purge_threat 2 | . . . . . . . 2 . . . . . . Relay Couplers Released 15 | . . . . . . 8 4 3 . . . . . Machine Destruction 11 | . . . . . . 8 . 3 . . . . . Programmers 4 | . . . . . . . 4 . . . . . . Attached 1 | . . . . . . . 1 . . . . . . Robots Rewired . | . . . . . . . . . . . . . . Allies Hacked . | . . . . . . . . . . . . . . Hacks Repelled . | . . . . . . . . . . . . . . Allies | -11 -10 -10 -10 -9 -8 -8 -7 -7 -7 -7 -7 -7 -7 -------- Run | Scr Mat Min Exi Min Mat Gar Fac Gar Fac Low Low Zio Dee Total Allies . | . . . . . . . . . . . . . . Largest Group . | . . . . . . . . . . . . . . Highest-Rated Group . | . . . . . . . . . . . . . . Highest-Rated Ally . | . . . . . . . . . . . . . . Total Orders . | . . . . . . . . . . . . . . Ally Attacks . | . . . . . . . . . . . . . . Total Damage . | . . . . . . . . . . . . . . Kills . | . . . . . . . . . . . . . . Allies Corrupted . | . . . . . . . . . . . . . . Allies Melted . | . . . . . . . . . . . . . . Intel | -11 -10 -10 -10 -9 -8 -8 -7 -7 -7 -7 -7 -7 -7 ------- Run | Scr Mat Min Exi Min Mat Gar Fac Gar Fac Low Low Zio Dee Robot Analysis Total 2 | . 2 . . . . . . . . . . . . Derelict Logs Recovered 3 | . . 1 . . . . . . . 1 1 . . Drone Launches . | . . . . . . . . . . . . . . Drone Recoveries . | . . . . . . . . . . . . . . Exploration | -11 -10 -10 -10 -9 -8 -8 -7 -7 -7 -7 -7 -7 -7 ------------- Run | Scr Mat Min Exi Min Mat Gar Fac Gar Fac Low Low Zio Dee Turns Passed 9760 | . 1413 535 1918 20 304 811 870 752 336 429 499 1356 517 Spaces Moved 4751 | 1 789 315 873 9 120 281 427 312 212 275 359 541 237 Core . | . . . . . . . . . . . . . . Treads 2511 | . 789 315 873 9 120 91 . . . . . 79 235 Legs 649 | 1 . . . . . 190 427 31 . . . . . Wheels 782 | . . . . . . . . . . . 320 462 . Hover 809 | . . . . . . . . 281 212 275 39 . 2 Flight . | . . . . . . . . . . . . . . Fastest Speed 120 | 120 160 160 160 180 180 180 150 142 142 142 130 130 184 Average Speed 158 | 120 160 160 175 180 180 207 150 142 142 142 131 137 185 Slowest Speed 290 | 120 160 160 180 180 180 240 210 150 142 142 142 184 290 Overloaded Moves . | . . . . . . . . . . . . . . Propulsion Burnouts . | . . . . . . . . . . . . . . Robots Hopped . | . . . . . . . . . . . . . . Cave-ins Triggered . | . . . . . . . . . . . . . . Exploration Rate (%) 40 | 2 92 71 90 7 15 45 16 46 6 49 56 42 25 Regions Visited 13 Branch Regions 7 Pre-discovered Areas 3 | . 2 . 1 . . . . . . . . . . Known Exits Taken 2 | . . . . . 1 . 1 . . . . . . Unknown Exits Taken 9 | 1 1 1 1 1 . . . . 1 1 1 1 . Scrap Searched 7 | . . 1 . . . . . . . 1 3 2 . Spaces Dug . | . . . . . . . . . . . . . . Terrain Destroyed 129 | . . . 54 11 10 13 . 17 . 22 . . 2 Melee . | . . . . . . . . . . . . . . Projectile 22 | . . . 18 . . . . 2 . . . . 2 AOE 107 | . . . 36 11 10 13 . 15 . 22 . . . Terrain Rammed . | . . . . . . . . . . . . . . Walls Destroyed . | . . . . . . . . . . . . . . Machines Disabled . | . . . . . . . . . . . . . . Actions | -11 -10 -10 -10 -9 -8 -8 -7 -7 -7 -7 -7 -7 -7 --------- Run | Scr Mat Min Exi Min Mat Gar Fac Gar Fac Low Low Zio Dee Total 6087 | . 869 331 1155 11 161 393 550 503 237 297 380 924 276 Wait 373 | . 13 . 91 . 2 19 18 7 2 . 4 217 . Move 4739 | . 788 314 872 8 120 280 427 310 211 274 358 540 237 Hop . | . . . . . . . . . . . . . . Pick Up 136 | . 8 3 58 . 5 4 12 19 5 2 5 12 3 Fast Attach 36 | . 2 . 6 . 3 4 8 7 1 . . 2 3 Attach 47 | . 4 . 5 . 2 4 8 8 . 2 1 9 4 Detach 5 | . . . 3 . . . . . . . 2 . . Swap 50 | . 3 2 1 1 3 4 9 11 3 4 2 5 2 Drop 85 | . 8 3 11 . 3 4 16 19 8 3 3 7 . Fire 516 | . 40 8 74 2 23 63 45 83 7 12 5 127 27 Melee 45 | . . . 34 . . 1 6 . . . . 4 . Ram . | . . . . . . . . . . . . . . Kick 1 | . . . . . . . 1 . . . . . . Crush 5 | . 3 1 . . . . . . . . . 1 . Escape Stasis 49 | . . . . . . 10 . 39 . . . . . Rewire . | . . . . . . . . . . . . . . Trap . | . . . . . . . . . . . . . . Miscellaneous . | . . . . . . . . . . . . . . Route ------- -11/Scrapyard -10/Materials (discovered 4 exits: [*Mat x3] / [*Min]) -10/Mines (discovered 3 exits: [*Mat x2] / *Exi) -10/Exiles -9/Mines -8/Materials -8/Garrison -7/Factory -7/Garrison -7/Factory -7/Lower Caves -7/Lower Caves (discovered 2 exits: [*Fac] / *Zio) -7/Zion (discovered 2 exits: [*Dee] / [*Pro]) -7/Deep Caves History --------- Turn | Location | Event 1 | -11/Scrapyard | Discovered new exit (range 0) 1 | -11/Scrapyard | Entered Materials 287 | -10/Materials | Discovered new exit (range 4) 313 | -10/Materials | Build established: Mutant 336 | -10/Materials | Discovered new exit (range 13) 535 | -10/Materials | Discovered new exit (range 13) 715 | -10/Materials | Discovered new exit (range 13) 1414 | -10/Materials | Entered Mines 1480 | -10/Mines | Discovered new exit (range 11) 1543 | -10/Mines | Received a Rocket Launcher from a helpful Derelict 1555 | -10/Mines | Discovered new exit (range 4) 1666 | -10/Mines | Learned Materials emergency access door positions 1863 | -10/Mines | Deemed a non-threat by the Exiles lab entrance 1943 | -10/Mines | Discovered new exit (range 5) 1949 | -10/Mines | Entered Exiles 1994 | -10/Exiles | Met 8R-AWN 2021 | -10/Exiles | Met EX-HEX 2092 | -10/Exiles | Learned location of Zion (-7) 2187 | -10/Exiles | Met EX-DEC 2498 | -10/Exiles | Met EX-BIN 2523 | -10/Exiles | Aligned with FarCom system 2525 | -10/Exiles | Given EX-Vault access code 2542 | -10/Exiles | Build established: Hauler-Mutant 2567 | -10/Exiles | Opened EX-Vault 2579 | -10/Exiles | Found Longsword +1 2614 | -10/Exiles | Warned to stay clear of 0b10 Research branches 2711 | -10/Exiles | Attacked by the Exiles 2767 | -10/Exiles | Destroyed 7 combat bots 2831 | -10/Exiles | Core integrity fell below 50% 2871 | -10/Exiles | Destroyed 8R-AWN 2882 | -10/Exiles | Found Prototype Ballistic Gun 2882 | -10/Exiles | Identified 8R-AWN's Boregun 3187 | -10/Exiles | Destroyed EX-DEC 3248 | -10/Exiles | Destroyed EX-HEX 3309 | -10/Exiles | Destroyed EX-BIN 3741 | -10/Exiles | Found Prototype Processor 3768 | -10/Exiles | Discovered new exit (range 10) 3867 | -10/Exiles | Entered Mines 3873 | -9/Mines | Discovered new exit (range 6) 3887 | -9/Mines | Entered Materials 3887 | -8/Materials | Evolved 4 slots: Propulsion x1, Utility x3 4191 | -8/Materials | Identified exit to Garrison 4191 | -8/Materials | Entered Garrison 4336 | -8/Garrison | Triggered checkpoint 4366 | -8/Garrison | Garrison Relay disabled 4542 | -8/Garrison | Triggered checkpoint 4688 | -8/Garrison | Discovered new exit (range 8) 4721 | -8/Garrison | Installed Relay Interface Framework 4767 | -8/Garrison | Build established: Scavenger-Mutant 4806 | -8/Garrison | Triggered checkpoint 4852 | -8/Garrison | Garrison Relay disabled 5002 | -8/Garrison | Entered Factory 5002 | -7/Factory | Evolved 2 slots: Utility x1, Weapon x1 5110 | -7/Factory | Build established: Hauler-Mutant 5444 | -7/Factory | Build established: Hauler-Tank 5872 | -7/Factory | Identified exit to Garrison 5872 | -7/Factory | Entered Garrison 5880 | -7/Garrison | Expanded RIF knowledge: Signal Jamming 6144 | -7/Garrison | Destroyed 9 combat bots 6163 | -7/Garrison | Triggered checkpoint 6185 | -7/Garrison | Triggered checkpoint 6223 | -7/Garrison | Lost 3 parts (1u2w) 6259 | -7/Garrison | Destroyed 10 combat bots 6296 | -7/Garrison | Triggered checkpoint 6502 | -7/Garrison | Discovered new exit (range 10) 6540 | -7/Garrison | Triggered checkpoint 6562 | -7/Garrison | Garrison Relay disabled 6624 | -7/Garrison | Entered Factory 6711 | -7/Factory | Discovered new exit (range 10) 6942 | -7/Factory | Build established: Scavenger-Gunner 6960 | -7/Factory | Entered Lower Caves 7164 | -7/Lower Caves | Learned 4 Factory zone layouts 7317 | -7/Lower Caves | Identified Exp. Targeting Computer 7367 | -7/Lower Caves | Discovered new exit (range 8) 7389 | -7/Lower Caves | Entered another Lower Caves area 7389 | -7/Lower Caves | Discovered new exit (range 12) 7574 | -7/Lower Caves | Attracted the attention of an 0b10 checkpoint 7800 | -7/Lower Caves | Discovered new exit (range 3) 7888 | -7/Lower Caves | Entered Zion 7907 | -7/Zion | Acquired unknown access codes intercepted by a Zionite 7964 | -7/Zion | Discovered new exit (range 15) 7971 | -7/Zion | Found CR-A16's Pointy Stick 8210 | -7/Zion | RIF detected upon attempting to enter Zion 8210 | -7/Zion | Attacked by Zionites 8546 | -7/Zion | Spotted SO-G4D(B) 8546 | -7/Zion | Spotted T2-7Q0(B) 8627 | -7/Zion | Destroyed T2-7Q0(B) 8649 | -7/Zion | Lost 4 parts (2u2w) 8657 | -7/Zion | Core integrity fell below 50% 8675 | -7/Zion | Destroyed SO-G4D(B) 9207 | -7/Zion | Opened final containment barrier to the Deep Caves 9240 | -7/Zion | Discovered new exit (range 3) 9240 | -7/Zion | Saw the warning signs outside the Deep Caves entrance 9244 | -7/Zion | Entered Deep Caves 9702 | -7/Deep Caves | Attacked by Z-Imprinter 9754 | -7/Deep Caves | Core integrity fell below 20% 9761 | -7/Deep Caves | Destroyed by Z-Imprinter with Zionite Laser-M Last Messages --------------- 09715_ Spk. Medium Treads destroyed. 09722_ Humpback destroyed. 09725_ Autogun destroyed. 09726_ Acquired 8R-AWN's Boregun. 09728_ Acquired Mak. Laser. 09729_ Hrd. Medium Armor Plating destroyed. 09730_ HV Slug penetrates Wall. 09733_ HV Slug penetrates Z-Imprinter. 09733_ HV Slug penetrates 66-M3Y(z). 09735_ 8R-AWN's Boregun destroyed. 09737_ Fission Core destroyed. 09739_ Adv. Treads destroyed. 09742_ Mak. Laser destroyed. 09745_ Arm. Treads destroyed. 09747_ Acquired Cmb. Airjet. 09752_ Greatsword destroyed. 09754_ Acquired Imp. Treads. 09755_ Cmb. Airjet destroyed. 09759_ Mak. Laser destroyed. 09760_ Acquired Imp. Treads. Map ----- +----------------------------------------------------+ | | | | | | | | | | | | | ?????????????????????????????????????????????????? | | ?????????????????????????????????????????????????? | | ?????????????????????????????????????????????????? | | ??????????????????#?????????????????????#####????? | | ????????????????## #??????######???????## ##???? | | ????????????? ## # ????### ##??????# %##??? | | ??????????? ##### #??????#%/ %#??? | | ????????? #??????#=% *#??? | | ??????? ???????##= #??? | | ??????? #???????### #??? | | ?????? #???????# ## #??? | | ???????" ##??????#! = *##?? | | ???????" ######## ##? | | ??????"" ## | | ?????""" # | | ????? | | ??????"" ######## | | ??????"" zzI;##??????## # | | ??????"" ;#????????## # | | ??????"" =!@ #????????## | | ????? " !![/= ##???????# | | ???" * ] #???????# | | ???? ! !| #???????# | | ???? == #???????## | | ????? ##????????# | | ?????" #????????## | | ?????""" #??????## ## | | ?????? #?????## ### | | ??????" ##????## ### | | ???????" ##????## ## | | ???????"" #?????# # | | ????????" #????# | | ????????? ????# | | ?????????? #???# ### | | ??????????? ##???# ##?? | | ????????????? #????# ##??? | | ??????????????? ??????# ##??? | | ?????????????????? ?????????## #??? | | ???????????????????? ????????????### #??? | | ???????????????????????????????????????## #??? | | ????????????????????????????????????????# #??? | | ????????????????????????????????????????# ##??? | | ????????????????????????????????????????# ##???? | | ????????????????????????????????????????# ##????? | +----------------------------------------------------+ Best States ------------- Heat Dissipation 60 Energy Generation 18 Energy Capacity 310 Matter Stores 300 Matter Capacity 300 Sight Range 16 Terrain Scan Density 10 Armor Coverage 450 Core Shielding 20 Utility Shielding 66 Evasion (%) 40 Targeting Accuracy 12 Target Analysis 6 Core Analysis 10 Armor Integrity Analysis 50 Recoil Reduction 5 Offensive Hacking 10 Relay Coupler Types 11 Relay Coupler Value 1 Item Schematics ----------------- None Robot Schematics ------------------ None Fabricated ------------ Nothing Alien Tech Used ----------------- None Achievements -------------- None Challenges ------------ None Game ------ Seed CouplerLatentRipper Manual? 0 Play Time 01:02:13 Cumulative 248.6 hours Start 2021.01.15 @ 22:18:51 End 2021.01.16 @ 11:59:28 Sessions 3 Manual Loads 0 Difficulty Rogue Special Mode None Game No. 221 Rogue 214 Adventurer 0 Explorer 7 Win Type - Total 6 Types 2/0/4/0/0/0/0/0/0 Lore% 72 Gallery% 91 Achievement% 69 Wizard Run 0 Options --------- ASCII 0 Keyboard 0 Movement Mouse Keybinds 0 Fullscreen 1 Font 18/X11 Map View 76x50 Tactical HUD 1 Map Filters NONE Filters NONE Steam 1 RUN: 68c31c0f-f720-4c1b-90f5-7968c8ad3263